 Dungeon Sprint DCSS version 0.21-a0-414-gba8bdf1 (webtiles) character file.

1363 Kidiri the Fighter (level 8, -23/75 HPs)
             Began as a White Draconian Transmuter on Nov 2, 2017.
             Was an Elder of Wu Jian.
             Killed from afar by a nagaraja (32 damage)
             ... with an orb of energy
             ... in the Dungeon (Sprint VII: "The Pits").
             The game lasted 00:05:32 (1321 turns).

Kidiri the Fighter (White Draconian Transmuter)     Turns: 1321, Time: 00:05:33

Health: -23/75     AC:  6    Str: 13    XL:     8   Next: 38%
Magic:  14/19      EV: 20    Int: 15    God:    Wu Jian [****..]
Gold:   0          SH:  0    Dex: 15    Spells: 7/22 levels left

rFire    . . .     SeeInvis .     - Unarmed
rCold    + . .     Gourm    .   (shield currently unavailable)
rNeg     . . .     Faith    .   (armour unavailable)
rPois    .         Spirit   .   (helmet restricted)
rElec    .         Reflect  .   (no cloak)
rCorr    .         Harm     .   (gloves currently unavailable)
MR       .....     NoTele   +   (no boots)
Stlth    +.........             (no amulet)
HPRegen  0.22/turn              s - +3 ring of dexterity
MPRegen  0.16/turn              t - +3 ring of evasion

@: lethally poisoned (-23 -> -24), exhausted, short of breath, blade hands,
glowing, heavenly storm
A: breathe frost, unfitting armour, antennae 1, stinger 1, blurry vision 1, cold
resistance 1, no potion heal 1, cold-blooded, AC +6
a: Breathe Frost, End Transformation, Serpent's Lash, Renounce Religion


You were in the Dungeon.
You worshipped Wu Jian.
Wu Jian was greatly pleased with you.
You were hungry.
You had blades for hands.
You visited 1 branch

Inventory:

Missiles
 a - 12 arrows
 p - 10 stones (quivered)
Armour
 x - a +0 pair of gloves (melded)
Jewellery
 s - a +3 ring of dexterity (left scythe-like blade)
 t - a +3 ring of evasion (right scythe-like blade)
Wands
 r - a wand of polymorph (11/24)
Scrolls
 i - a scroll of blinking
 k - 3 scrolls of remove curse
 l - 5 scrolls of amnesia
 m - a scroll of summoning
Potions
 d - 7 potions of curing
 e - 12 potions of heal wounds
 f - a potion of haste
 g - 4 potions of magic
 h - 4 potions of berserk rage
 j - 2 potions of invisibility
 u - a potion of resistance
 w - a potion of might
Books
 b - a book of Changes

   Spells                             Type                      Level
   a - Beastly Appendage              Transmutation                1
   b - Sticks to Snakes               Transmutation                2
   c - Spider Form                    Transmutation/Poison         3
   d - Ice Form                       Ice/Transmutation            4
   e - Blade Hands                    Transmutation                5
Comestibles
 c - 8 bread rations
 n - 40 fruits
 o - 7 meat rations
 q - 8 chunks of flesh


   Skills:
 * Level 8.5 Fighting
 * Level 7.4 Dodging
 + Level 5.2 Stealth
 * Level 8.4 Unarmed Combat
 * Level 7.5 Spellcasting
 + Level 6.2 Transmutations
 + Level 5.5 Ice Magic
 + Level 4.4 Poison Magic


You had 7 spell levels left.
You knew the following spells:

 Your Spells              Type           Power        Failure   Level  Hunger
a - Beastly Appendage     Tmut           ###...       16%         1    None
b - Sticks to Snakes      Tmut           ###.....     19%         2    None
c - Spider Form           Tmut/Pois      ###.......   30%         3    ##.....
d - Ice Form              Ice/Tmut       ###.....     47%         4    ####...
e - Blade Hands           Tmut           ###.......   69%         5    #####..


Dungeon Overview and Level Annotations

Branches:
Dungeon (1/1)

Altars:
Ashenzari
Cheibriados
Dithmenos
Elyvilon
Fedhas
Gozag
Hepliaklqana
Kikubaaqudgha
Makhleb
Nemelex Xobeh
Okawaru
Qazlal
Ru
Sif Muna
Trog
Uskayaw
Vehumet
Wu Jian
Xom
Yredelemnul
Zin
The Shining One
Beogh
Jiyva
Lugonu

Annotations:
D exclusions: 4 doors and 4 more exclusions


Innate Abilities, Weirdness & Mutations

You can breathe waves of freezing cold.
You can buffet flying creatures when you breathe cold.
Your icy white scales are hard. (AC +6)
You cannot fit into any form of body armour.
Your flesh is cold resistant. (rC+)
You are cold-blooded and may be slowed by cold attacks.
You have a pair of small antennae on your head.
Your tail ends in a poisonous barb.
Scrolls take you a little longer to read.
Potions are less effective at restoring your health.


Message History

You escape the nagaraja's grasp.
You spin and attack the nagaraja.
You completely miss the nagaraja.
The nagaraja is severely wounded.
You feel sick.
The nagaraja points at you and mumbles some strange words.
You feel a strange sense of stasis.
You attack the nagaraja from above.
You slash the nagaraja!
The nagaraja is severely wounded.
The nagaraja points at you and mumbles some strange words.
The orb of energy hits you!
* * * LOW HITPOINT WARNING * * *
The orb of energy explodes!
Unknown command.
You spin and attack the nagaraja.
You slash the nagaraja!
You tail-slap the nagaraja, but do no damage.
The nagaraja is almost dead.
You feel sick. The nagaraja casts a spell at you. The orb of energy hits you!
You die...

###+#####++######
.......##++#
.......##..#{
.......##..#
...<...##..####
.......##..#.§###
.......##.§#§§§§##
.......##.§§§§§§§#
#########.§§§§§N@+
#########.§§§§§§§#
..#..[[##.§#§§§§##
..#..[.##..#..###
..+..))##..####
..#..))##..#
..#..))##..#{
############


You could see a nagaraja.

Vanquished Creatures
  A troll (D)
  A wind drake (D)
  A hippogriff (D)
  A fire bat (D)
  3 floating eyes (D)
  A wolf (D)
  A bullfrog (D)
  A gnoll sergeant (D)
  A quasit (D)
  Ijyb (D)
  4 gnolls (D)
  2 adders (D)
  An ooze (D)
  An orc (D)
  A giant cockroach (D)
  A goblin (D)
  3 jackals (D)
  A kobold (D)
  A quokka (D)
  2 frilled lizards (D)
29 creatures vanquished.

Notes
Turn   | Place    | Note
-------+----------+-------------------------------------------
     0 | D        | Kidiri the Draconian Transmuter began the quest for the Orb.
     0 | D        | Reached XP level 1. HP: 16/16 MP: 3/3
    22 | D        | Noticed a floating eye
    27 | D        | Killed a floating eye
    27 | D        | Reached XP level 2. HP: 27/27 MP: 2/7
    27 | D        | Reached XP level 3. HP: 33/33 MP: 2/8
    27 | D        | Reached XP level 4. HP: 40/40 MP: 2/10
    31 | D        | Learned a level 2 spell: Sticks to Snakes
    35 | D        | Learned a level 3 spell: Spider Form
    40 | D        | Learned a level 4 spell: Ice Form
    70 | D        | Found a bloodstained altar of Trog.
    70 | D        | Found a deep blue altar of Sif Muna.
    70 | D        | Found a viscous altar of Jiyva.
    70 | D        | Found a hazy altar of Hepliaklqana.
    70 | D        | Found an opulent altar of Gozag.
    71 | D        | Found a glowing golden altar of the Shining One.
    71 | D        | Found a glowing silver altar of Zin.
    71 | D        | Found a basalt altar of Yredelemnul.
    71 | D        | Found a shimmering altar of Xom.
    71 | D        | Found an ornate altar of the Wu Jian Council.
    71 | D        | Found a sacrificial altar of Ru.
    71 | D        | Found a stormy altar of Qazlal.
    71 | D        | Found an iron altar of Okawaru.
    71 | D        | Found a sparkling altar of Nemelex Xobeh.
    71 | D        | Found a burning altar of Makhleb.
    71 | D        | Found a blossoming altar of Fedhas.
    71 | D        | Found a white marble altar of Elyvilon.
    71 | D        | Found a shadowy altar of Dithmenos.
    71 | D        | Found a snail-covered altar of Cheibriados.
    73 | D        | Found a radiant altar of Vehumet.
    73 | D        | Found a corrupted altar of Lugonu.
    73 | D        | Found a roughly hewn altar of Beogh.
    74 | D        | Found a hide-covered altar of Uskayaw.
    74 | D        | Found an ancient bone altar of Kikubaaqudgha.
    74 | D        | Found a shattered altar of Ashenzari.
    80 | D        | Became a worshipper of the Wu Jian Council
   370 | D        | Reached * piety under Wu Jian
   370 | D        | Reached skill level 5 in Unarmed Combat
   644 | D        | Noticed a floating eye
   648 | D        | Killed a floating eye
   648 | D        | Reached skill level 5 in Fighting
   648 | D        | Reached skill level 1 in Ice Magic
   648 | D        | Reached skill level 1 in Poison Magic
   648 | D        | Reached XP level 5. HP: 48/48 MP: 8/12
   677 | D        | Noticed a floating eye
   678 | D        | Paralysed by a floating eye for 4 turns
   688 | D        | Reached ** piety under Wu Jian
   688 | D        | Killed a floating eye
   688 | D        | Reached skill level 5 in Dodging
   688 | D        | Reached skill level 5 in Spellcasting
   688 | D        | Reached XP level 6. HP: 55/57 MP: 7/14
   745 | D        | Learned a level 5 spell: Blade Hands
   849 | D        | Noticed a fire bat
   851 | D        | Reached *** piety under Wu Jian
   856 | D        | Reached **** piety under Wu Jian
   865 | D        | Killed a fire bat
   865 | D        | Reached skill level 5 in Transmutations
   865 | D        | Your scales start taking on an icy white colour.
   865 | D        | Reached XP level 7. HP: 56/66 MP: 8/16
   865 | D        | Gained mutation: Your flesh is cold resistant. (rC+) [White Draconian growth]
   951 | D        | Reached ***** piety under Wu Jian
  1159 | D        | Noticed Ijyb
  1159 | D        | Noticed a troll
  1159 | D        | Noticed a wind drake
  1161 | D        | Killed a wind drake
  1163 | D        | Killed Ijyb
  1164 | D        | Killed a troll
  1164 | D        | Reached skill level 5 in Stealth
  1164 | D        | Reached skill level 5 in Ice Magic
  1164 | D        | Reached XP level 8. HP: 72/74 MP: 11/18
  1210 | D        | Gained mutation: Potions are less effective at restoring your health. [potion of mutation]
  1210 | D        | Gained mutation: Scrolls take you a little longer to read. [potion of mutation]
  1210 | D        | Gained mutation: Your tail ends in a poisonous barb. [potion of mutation]
  1210 | D        | Gained mutation: You have a pair of small antennae on your head. [potion of mutation]
  1311 | D        | Noticed a nagaraja
  1311 | D        | Noticed a hippogriff
  1316 | D        | Killed a hippogriff
  1321 | D        | Killed from afar by a nagaraja

Vault maps used:
D:        pitsprint

Skill      XL: |  1  2  3  4  5  6  7  8 |
---------------+-------------------------+-----
Fighting       | 4 5 6 7 8 |  8.5
Dodging        | 3 4 5 6 7 |  7.4
Stealth        | 2 3 4 5 |  5.2
Unarmed Combat | 4 5 6 7 8 |  8.4
Spellcasting   | 4 5 6 7 |  7.5
Transmutations | 3 4 5 6 |  6.2
Ice Magic      | 1 2 4 5 |  5.5
Poison Magic   | 1 2 3 4 |  4.4

Action                   |  1- 3 |  4- 6 |  7- 9 || total
-------------------------+-------+-------+-------++-------
Melee: Unarmed           |     3 |    42 |    28 ||    73
       Tailslap          |     1 |     2 |     3 ||     6
       Kick              |     1 |       |       ||     1
       Headbutt          |       |     1 |       ||     1
       Punch             |       |       |     1 ||     1
 Cast: Beastly Appendage |     1 |     1 |       ||     2
       Spider Form       |       |     4 |       ||     4
       Blade Hands       |       |     1 |     4 ||     5
Invok: Serpent's Lash    |       |       |     3 ||     3
       Heavenly Storm    |       |       |     1 ||     1
 Abil: Breathe Frost     |       |       |     2 ||     2
  Use: Potion            |       |       |     1 ||     1
 Stab: Sleeping          |       |     1 |     1 ||     2
       Distracted        |       |       |     1 ||     1
  Eat: Chunk             |       |     1 |     3 ||     4
Armor: Skin              |       |     6 |     5 ||    11
Dodge: Dodged            |       |    37 |    13 ||    50

Table legend:
 A = Spawn XP
 B = Non-spawn XP
 C = Spawn XP percentage of total XP
 D = Spawn monster count
 E = Non-spawn monster count
 F = Spawn count percentage of total count
 G = Total turns spent on level
                    A         B        C        D         E        F      G
               +---------+---------+-------+---------+---------+-------+---------
         Total |       0 |    1948 |   0.0 |       0 |      29 |   0.0 |  1321
               +---------+---------+-------+---------+---------+-------+---------
             D |       0 |    1948 |   0.0 |       0 |      29 |   0.0 |  1321
               +---------+---------+-------+---------+---------+-------+---------
